 Dungeon Crawl Stone Soup version 0.31.0-1-g2c135a0 (webtiles) character file.

Game seed: 6373883928840451051

724 Think the Nimble (level 7, -10/46 HPs)
             Began as an Octopode Fighter on Feb 22, 2024.
             Was an Initiate of Gozag.
             Mangled by a two-headed ogre
             ... wielding a +0 giant club
              (31 damage)
             ... on level 5 of the Dungeon on Feb 23, 2024.
             The game lasted 00:07:47 (4724 turns).

Think the Nimble (Octopode Fighter)                 Turns: 4724, Time: 00:07:48

Health: -10/46     AC:  1    Str: 16    XL:     7   Next: 71%
Magic:  7/7        EV: 16    Int: 10    God:    Gozag
Gold:   252        SH:  4    Dex: 13    Spells: 6/6 levels left

rFire   . . .        s - +2 dagger (venom)
rCold   . . .        b - +0 buckler
rNeg    . . .        (helmet restricted)
rPois   .            (no amulet)
rElec   .            (no ring)
rCorr   .            (no ring)
SInv    .            (no ring)
Will    .....        (no ring)
Stlth   +++          (no ring)
HPRegen 0.27/turn    (no ring)
MPRegen 0.10/turn    (no ring)
                     (no ring)

%: no passive effects
@: gold aura
A: almost no armour, amphibious, 8 rings, camouflage 1, gelatinous body 1,
(nimble swimmer 1), tentacles
a: Renounce Religion, Potion Petition, Call Merchant, Bribe Branch


You were on level 5 of the Dungeon.
You worshipped Gozag.
Gozag was aware of your devotion.
You visited 2 branches of the dungeon, and saw 6 of its levels.

You collected 278 gold pieces.
You paid 26 gold pieces to Gozag.

Inventory:

Hand Weapons
 a - a +0 long sword
 l - a +2 dagger of flaming
 s - a +2 dagger of venom (weapon)
Missiles
 x - 3 javelins (quivered)
Armour
 b - a +0 buckler (worn)
Wands
 i - a wand of charming (8)
 u - a wand of digging (5)
Scrolls
 c - a scroll of vulnerability {unknown}
 d - 3 scrolls of identify {unknown}
 e - a scroll of acquirement {unknown}
 h - a scroll of fog {unknown}
 k - a scroll of enchant weapon {unknown}
 p - 3 scrolls of teleportation {unknown}
 q - 2 scrolls of summoning {unknown}
 r - a scroll of enchant armour {unknown}
 w - a scroll of poison {unknown}
Potions
 f - a potion of attraction {unknown}
 g - 2 potions of lignification {unknown}
 j - a potion of curing {unknown}
 m - 2 potions of mutation {unknown}
 n - 3 potions of haste {unknown}
 o - a potion of invisibility {unknown}
 t - a potion of degeneration {unknown}
 v - a potion of cancellation {unknown}


   Skills:
 + Level 3.1 Fighting
 * Level 2.4 Long Blades
 * Level 0.1 Throwing
 + Level 8.0 Dodging
 - Level 4.0 Stealth
 - Level 3.0 Shields


You had 6 spell levels left.
You didn't know any spells.
Your spell library contained the following spells:

 Spells                   Type           Power      Damage    Failure   Level
 Sandblast                Erth           0%         2d4       43%         1
 Summon Small Mammal      Summ           0%         N/A       43%         1
 Ensorcelled Hibernation  Hex/Ice        0%         N/A       58%         2
 Call Canine Familiar     Summ           0%         N/A       82%         3
 Fugue of the Fallen      Necr           0%         N/A       82%         3
 Passwall                 Erth           0%         N/A       82%         3
 Stone Arrow              Conj/Erth      0%         3d7       82%         3
 Tukima's Dance           Hex            0%         N/A       82%         3
 Anguish                  Hex/Necr       0%         N/A       99%         4
 Brom's Barrelling Bould  Conj/Erth      0%         2d3       99%         4
 Dimensional Bullseye     Hex/Tloc       0%         N/A       99%         4
 Ignite Poison            Fire/Alch      0%         N/A       99%         4
 Iskenderun's Mystic Bla  Conj/Tloc      0%         2d3       99%         4
 Sticky Flame             Fire/Alch      0%         2d4       99%         4
 Summon Blazeheart Golem  Fire/Summ      0%         N/A       99%         4
 Ignition                 Fire           0%         3d3       100%        8


Dungeon Overview and Level Annotations

Branches:
Dungeon (5/15)             Temple (1/1) D:4

Altars:
Ashenzari
Cheibriados
Dithmenos
Fedhas
Gozag
Hepliaklqana
Makhleb
Nemelex Xobeh
Ru
Sif Muna
Trog
Uskayaw
Vehumet
Wu Jian
Xom
Yredelemnul
Zin
The Shining One

Shops:
D:1 !

Annotations:
D:4 Dowan, Duvessa, Edmund


Innate Abilities, Weirdness & Mutations

You cannot wear most types of armour.
You are amphibious.
You can wear up to eight rings at the same time.
Your skin changes colour to match your surroundings (Stealth+).
Your rubbery body absorbs attacks. (AC +1, EV +1)
((You are camouflaged when in or above water. (Stealth+)))
You have tentacles for arms and can constrict up to eight enemies at once.


Message History

Okay, then.
Throw: 5 javelins
Press: ? - help, Shift-Dir - straight line, f - two-headed ogre
Aim: a two-headed ogre, wielding two +0 giant clubs (71% to hit)
You throw a javelin.
The javelin pierces through the two-headed ogre but does no damage.
Okay, then.
Throw: 4 javelins
Press: ? - help, Shift-Dir - straight line, f/p - two-headed ogre
Aim: a two-headed ogre, wielding two +0 giant clubs (71% to hit)
You throw a javelin.
The javelin pierces through the two-headed ogre!
The two-headed ogre is moderately wounded.
The two-headed ogre hits you with a +0 giant club!
You block the two-headed ogre's attack.
You hit the two-headed ogre. You squeeze the two-headed ogre.
The two-headed ogre is heavily wounded.
You hit the two-headed ogre.
The two-headed ogre is poisoned.
You squeeze the two-headed ogre.
The two-headed ogre is heavily wounded.
The two-headed ogre misses you.
The two-headed ogre hits you with a +0 giant club!
Unknown command.
You hit the two-headed ogre but do no damage.
The two-headed ogre looks as sick as possible!
The two-headed ogre is heavily wounded.
The two-headed ogre closely misses you. The two-headed ogre barely misses you.
You hit the two-headed ogre but do no damage.
The two-headed ogre is heavily wounded.
You closely miss the two-headed ogre.
The two-headed ogre is heavily wounded.
The two-headed ogre misses you.
The two-headed ogre hits you with a +0 giant club.
You hit the two-headed ogre.
The two-headed ogre looks as sick as possible!
The two-headed ogre is heavily wounded.
The two-headed ogre hits you with a +0 giant club!!
Ouch! That really hurt!
You die...
Your body crumbles into a pile of gold.

##### #8..#### #......#
#......##...#
##...#...#...##
###...@#...#....#
##.#..O##...##...#
#..#...#.....#...#
#.##..$#.....#...#
#.##...#.....#...#
#.##...#..8..#...#
#.##(..#..)..#...#
######.##(..#..)..#...#
#.......#...#.....#...#


You could see a two-headed ogre (extremely poisoned).

Vanquished Creatures
  2 ogres (D:4)
  A phantom (D:5)
  Blork the orc (D:4)
  A hound (D:4)
  A jelly (D:5)
  An orc priest (D:3)
  3 iron imps (D:4)
  2 iguanas
  An orc wizard (D:4)
  7 adders
  A dart slug (D:1)
  6 orcs
  4 endoplasms
  3 giant cockroaches
  9 goblins
  6 hobgoblins
  12 kobolds
  A quokka (D:2)
  11 ball pythons
  5 bats
  5 frilled lizards
  3 rats
86 creatures vanquished.

Vanquished Creatures (others)
  A hound (D:5)
1 creature vanquished.

Grand Total: 87 creatures vanquished

Notes
Turn   | Place    | Note
-------+----------+-------------------------------------------
     0 | D:1      | Think the Octopode Fighter began the quest for the Orb.
     0 | D:1      | Reached XP level 1. HP: 16/16 MP: 1/1
   190 | D:1      | Reached skill level 1 in Stealth
   212 | D:1      | Reached XP level 2. HP: 21/21 MP: 2/2
   438 | D:1      | Found Otasug's Distillery.
  1103 | D:1      | Reached XP level 3. HP: 26/26 MP: 3/3
  1258 | D:2      | Found a shimmering altar of Xom.
  1345 | D:2      | Reached skill level 4 in Dodging
  1533 | D:2      | Reached XP level 4. HP: 30/31 MP: 4/4
  1610 | D:2      | Found a faded altar of an unknown god.
  1858 | D:3      | Found a snail-covered altar of Cheibriados.
  1858 | D:3      | Noticed a torpor snail
  1858 | D:3      | Noticed a torpor snail
  1872 | D:3      | Noticed a torpor snail
  1888 | D:3      | Found an ornate altar of the Wu Jian Council.
  1889 | D:3      | Found a glowing golden altar of the Shining One.
  1976 | D:3      | Reached XP level 5. HP: 36/36 MP: 5/5
  2230 | D:3      | Reached skill level 5 in Dodging
  2620 | D:4      | Found a staircase to the Ecumenical Temple.
  2630 | D:4      | Noticed an ogre
  2641 | D:4      | Killed an ogre
  2642 | D:4      | Reached XP level 6. HP: 10/42 MP: 6/6
  2645 | D:4      | Noticed Duvessa
  2646 | D:4      | Noticed Dowan
  2648 | Temple   | Entered the Ecumenical Temple
  2913 | Temple   | Became a worshipper of Gozag Ym Sagoz the Greedy
  2974 | D:4      | Reached skill level 6 in Dodging
  3461 | D:4      | Noticed Edmund
  3540 | D:4      | Reached skill level 7 in Dodging
  3624 | D:4      | Noticed Blork the orc
  3634 | D:4      | Killed Blork the orc
  3635 | D:4      | Reached XP level 7. HP: 46/46 MP: 7/7
  3723 | D:4      | Found a shimmering blue altar of Sif Muna.
  3961 | D:4      | Found a burning altar of Makhleb.
  4310 | D:5      | Entered Level 5 of the Dungeon
  4557 | D:5      | Reached skill level 8 in Dodging
  4704 | D:5      | Noticed a two-headed ogre
  4724 | D:5      | Mangled by a two-headed ogre

Illustrated notes

Levels and vault maps discovered:
D:1:      co_arrival_random_square_maze, layout_basic, serial_shops, shop,
          nicolae_hexahallways, hangedman_decor_slide_cut
D:2:      layout_rooms, hellmonk_ecumenical_altar_inner_sanctum, basic_altar,
          minmay_pentomino_pile
D:3:      layout_loops_cross, cheibriados_altar_2,
          mainiacjoe_overflow_divided_tiny, minmay_misc_feat_roman
D:4:      layout_basic, demons_altar, tgw_sif,
          minmay_temple_entry_statues_fountains, minivault_4, uniq_duvessa,
          uniq_edmund
D:5:      kennysheep_spiral_hall, layout_loops_cross, patterned_corridor
Temple:   nicolae_temple_bog_church

Skill      XL: |  1  2  3  4  5  6  7 |
---------------+----------------------+-----
Stealth        | 1 2 3 4 |  4.0
Dodging        | 4 5 7 8 |  8.0
Fighting       | |  3.1
Long Blades    | |  2.4
Throwing       | |  0.1
Shields        | |  3.0

Action                     |  1- 3 |  4- 6 |  7- 9 || total
---------------------------+-------+-------+-------++-------
  Melee: Long sword        |    70 |       |       ||    70
         Constrict         |    19 |    18 |     6 ||    43
         Tentacles         |    13 |    19 |    16 ||    48
         Punch             |     1 |     1 |       ||     2
         Dagger            |     1 |    78 |    35 ||   114
  Throw: Javelin           |       |       |     2 ||     2
  Evoke: Wand              |       |       |     1 ||     1
    Use: Potion            |       |     1 |       ||     1
   Stab: Sleeping          |     8 |    12 |     1 ||    21
 Armour: Skin              |    25 |    18 |    10 ||    53
  Dodge: Dodged            |    54 |    43 |    20 ||   117
  Block: Buckler           |    11 |    17 |     7 ||    35
